 Dungeon Crawl Stone Soup version 0.30.0-29-ga12c61a403 (webtiles) character file.

Game seed: 5071607922330431356

11078 IndexError the Destroyer (level 11, -10/99 HPs)
             Began as a Pale Draconian Conjurer on June 5, 2023.
             Was a Believer of Vehumet.
             Mangled by a sun demon (13 damage)
             ... summoned by a kobold demonologist
             ... on level 10 of the Dungeon.
             The game lasted 00:28:09 (14275 turns).

IndexError the Destroyer (Pale Draconian Conjurer) Turns: 14275, Time: 00:28:10

Health: -10/99     AC:  8    Str: 10    XL:     11   Next: 44%
Magic:  2/18       EV: 14    Int: 23    God:    Vehumet [**....]
Gold:   874        SH:  0    Dex: 12    Spells: 4/20 levels left

rFire   . . .        h - +1 sling (freeze)
rCold   . . .        (no shield)
rNeg    . . .        (body armour unavailable)
rPois   +            (helmet restricted)
rElec   .            (no cloak)
rCorr   .            s - +0 pair of gloves {Dex+3}
SInv    .            (no boots)
Will    +....        (no amulet)
Stlth   ++           D - ring of poison resistance {rPois, !d}
HPRegen 0.36/turn    p - ring of willpower
MPRegen 0.16/turn

%: no passive effects
@: spiked
A: breathe steam, AC +7, unfitting armour, cold-blooded, steam resistance
a: Breathe Steam, Renounce Religion


You were on level 10 of the Dungeon.
You worshipped Vehumet.
Vehumet was pleased with you.
You visited 2 branches of the dungeon, and saw 11 of its levels.

You collected 1046 gold pieces.
You spent 172 gold pieces at shops.

Inventory:

Hand Weapons
 h - a +1 sling of freezing (weapon)
   (You took it off a goblin on level 2 of the Dungeon)
 E - the +2 quarterstaff of Ynelaw {flame, Drain rPois rN+ Dex+3}
   (You found it on level 8 of the Dungeon)

   Dex:       It affects your dexterity (+3).
   rPois:     It protects you from poison.
   rN:        It protects you from negative energy.
   Drain:     It drains your maximum health when unequipped.
 G - the +1 longbow "Kolul" {drain, rCorr Int+2}
   (You took it off a centaur warrior on level 9 of the Dungeon)

   Int:       It affects your intelligence (+2).
   rCorr:     It protects you from acid and corrosion.
Missiles
 x - a throwing net {=f, !d}
Armour
 s - a +0 pair of gloves of dexterity (worn)
   (You bought it in a shop on level 6 of the Dungeon)
Magical Staves
 K - a staff of air {rElec}
   (You found it on level 9 of the Dungeon)
Jewellery
 k - a ring of wizardry {Wiz+, !d}
   (You found it on level 2 of the Dungeon)
 p - a ring of willpower (right hand)
   (You found it on level 4 of the Dungeon)
 q - a ring of resist corrosion
   (You found it on level 5 of the Dungeon)
 D - a ring of poison resistance (left hand) {rPois, !d}
   (You found it on level 8 of the Dungeon)
 H - a ring of protection from fire {rF+, !d}
   (You took it off a kobold brigand on level 9 of the Dungeon)
 I - a +6 ring of dexterity
   (You found it on level 9 of the Dungeon)
Wands
 m - a wand of iceblast (6)
   (You took it off Ijyb on level 3 of the Dungeon)
 z - a wand of charming (10)
   (You found it on level 8 of the Dungeon)
 B - a wand of mindburst (4)
   (You took it off Maggie on level 8 of the Dungeon)
Scrolls
 c - 2 scrolls of enchant armour {unknown}
 e - a scroll of blinking {unknown}
 i - 2 scrolls of fear {unknown}
 l - 2 scrolls of poison {unknown}
 n - 5 scrolls of identify {unknown}
 t - a scroll of magic mapping {unknown}
 u - a scroll of amnesia {unknown}
 y - a scroll of teleportation {unknown}
 A - a scroll of summoning {unknown}
 F - a scroll of enchant weapon {unknown}
Potions
 a - a potion of magic
 b - 2 potions of haste {unknown}
 d - a potion of invisibility {unknown}
 f - 3 potions of mutation {unknown}
 g - 3 potions of might
 j - 2 potions of heal wounds
 o - 2 potions of curing
 r - a potion of resistance {unknown}
 v - a potion of brilliance {unknown}
 w - 3 potions of lignification {unknown}
 C - a potion of berserk rage {unknown}
Miscellaneous
 J - a condenser vane (inert)
   (You found it on level 9 of the Dungeon)
 L - a box of beasts
   (You found it on level 9 of the Dungeon)
 M - a piece from Xom's chessboard (15/15)
   (You found it on level 9 of the Dungeon)


   Skills:
 - Level 10.0 Fighting
 + Level 7.5 Dodging
 - Level 1.7 Stealth
 - Level 5.0 Spellcasting
 - Level 10.0 Conjurations
 - Level 6.0 Hexes
 - Level 6.0 Translocations


You had 4 spell levels left.
You knew the following spells:

 Your Spells              Type           Power      Damage    Failure   Level
a - Magic Dart            Conj           100%       1d8       1%          1
b - Searing Ray           Conj           100%       2d8       1%          2
c - Fulminant Prism       Conj/Hex       21%        3d12      3%          4
d - Irradiate             Conj/Tmut      14%        3d16      32%         5
x - Iskenderun's Mystic   Conj/Tloc      42%        2d10      3%          4

Your spell library contained the following spells:

 Spells                   Type           Power      Damage    Failure   Level
 Poisonous Vapours        Pois/Air       10%        N/A       14%         2
 Dazzling Flash           Conj/Hex       84%        N/A       1%          3
 Tukima's Dance           Hex            33%        N/A       2%          3
 Passage of Golubria      Tloc           33%        N/A       8%          4
 Vhi's Electric Charge    Tloc/Air       38%        N/A       9%          3
 Sublimation of Blood     Necr           5%         N/A       14%         2
 Petrify                  Tmut/Erth      5%         N/A       67%         4
 Arcjolt                  Conj/Air       14%        1d24      32%         5
 Yara's Violent Unravell  Hex/Tmut       9%         3d6       58%         5
 Maxwell's Capacitive Co  Air            2%         ∞         100%        8


Dungeon Overview and Level Annotations

Branches:
Dungeon (10/15)            Temple (1/1) D:5            Lair (0/5) D:9
    Orc: D:9-12

Altars:
Ashenzari
Cheibriados
Dithmenos
Elyvilon
Fedhas
Gozag
Hepliaklqana
Kikubaaqudgha
Makhleb
Nemelex Xobeh
Okawaru
Qazlal
Ru
Sif Muna
Trog
Uskayaw
Vehumet
Wu Jian
Xom
Yredelemnul
Zin

Shops:
D:5 ?   D:6 [

Annotations:
D:7 1 runed translucent door, CerberUrsi's ghost, novice DrCj


Innate Abilities, Weirdness & Mutations

You can breathe blasts of scalding, opaque steam.
Your pale cyan-grey scales are hard. (AC +7)
You cannot fit into any form of body armour.
You are cold-blooded and may be slowed by cold attacks.
You are immune to the effects of steam.


Message History

The yak closely misses you.
The kobold demonologist begins to cast a cantrip, but forgets the words!
There is a stone staircase leading up here.
You take 8 damage, and have 91/99 hp.
Casting: Iskenderun's Mystic Blast (dangerous; 3% risk of failure)
Confirm with . or Enter, or press ? or * to list all spells.
You erupt in a blast of force!
The mystic blast hits the yak.
The yak is knocked back by the mystic blast.
The mystic blast hits the kobold demonologist!
The kobold demonologist is knocked back by the mystic blast.
The kobold demonologist slams into the rock wall!
You now have 14/18 mp.
Casting: Iskenderun's Mystic Blast (dangerous; 3% risk of failure)
Confirm with . or Enter, or press ? or * to list all spells.
You erupt in a blast of force!
The mystic blast hits the yak!
The yak is knocked back by the mystic blast.
The mystic blast hits the kobold demonologist.
The kobold demonologist is knocked back by the mystic blast.
The kobold demonologist slams into the rock wall!
The kobold demonologist hits you with a +0 dagger.
You take 1 damage, and have 91/99 hp.
You now have 10/18 mp.
Casting: Iskenderun's Mystic Blast (dangerous; 3% risk of failure)
Confirm with . or Enter, or press ? or * to list all spells.
You erupt in a blast of force!
The mystic blast hits the yak!
The yak is knocked back by the mystic blast.
The yak slams into the rock wall!
The mystic blast hits the kobold demonologist.
The kobold demonologist is knocked back by the mystic blast.
The kobold demonologist slams into the rock wall!
You now have 6/18 mp.
Casting: Iskenderun's Mystic Blast (dangerous; 3% risk of failure)
Confirm with . or Enter, or press ? or * to list all spells.
You miscast Iskenderun's Mystic Blast.
You are very lightly contaminated with residual magic.
Nothing appears to happen.
The kobold demonologist hits you with a +0 dagger.
You take 2 damage, and have 90/99 hp.
You now have 2/18 mp.
Casting: Iskenderun's Mystic Blast (dangerous; 3% risk of failure)
Confirm with . or Enter, or press ? or * to list all spells.
Aiming: Searing Ray (safe; 1% risk of failure)
Press: ? - help, Shift-Dir - straight line, f - kobold demonologist
Aim: a kobold demonologist, wielding a +0 dagger and wearing a +0 robe (almost dead, 76% to hit)
The searing ray misses the kobold demonologist. (Press . to maintain the ray.)
The kobold demonologist hits you but does no damage.
You now have 0/18 mp.
Without enough magic to sustain it, your searing ray dissipates.
The yak gores you.
The kobold demonologist looks encouraged for a moment.
You take 5 damage, and have 85/99 hp.
You shoot a sling bullet.
The sling bullet misses the kobold demonologist.
The yak gores you!
The kobold demonologist mumbles some strange words.
The yak gores you.
The kobold demonologist hits you with a +0 dagger.
You take 17 damage, and have 68/99 hp.
You shoot a sling bullet.
The sling bullet barely misses the kobold demonologist.
The yak misses you.
The kobold demonologist hits you with a +0 dagger.
The red devil hits you with a +0 trident!
Barbed spikes become lodged in your body.
You take 10 damage, and have 58/99 hp.
You shoot a sling bullet.
The sling bullet barely misses the kobold demonologist.
The yak barely misses you.
The kobold demonologist hits you but does no damage.
The red devil hits you with a +0 trident!
Barbed spikes become lodged in your body.
The yak completely misses you.
You take 15 damage, and have 43/99 hp.
You shoot a sling bullet.
The sling bullet closely misses the kobold demonologist.
The kobold demonologist closely misses you.
The red devil hits you with a +0 trident!
Barbed spikes become lodged in your body.
The yak gores you.
The red devil hits you with a +0 trident!
* * * LOW HITPOINT WARNING * * *
Barbed spikes become lodged in your body.
The kobold demonologist gestures wildly while chanting.
Your magical contamination has completely faded away.
You take 25 damage, and have 18/99 hp.
MASSIVE DAMAGE!!
You shoot a sling bullet.
The sling bullet closely misses the kobold demonologist.
The yak gores you.
* * * LOW HITPOINT WARNING * * *
The kobold demonologist hits you but does no damage.
The sun demon completely misses you.
The red devil hits you with a +0 trident!
* * * LOW HITPOINT WARNING * * *
Barbed spikes become lodged in your body.
You take 14 damage, and have 4/99 hp.
Clouds of noxious fumes condense around you!
The condenser dries out!
The yak is engulfed in noxious fumes.
The yak gores you.
* * * LOW HITPOINT WARNING * * *
The sun demon hits you!
You die...

# #.########## #.....# !.
..........# #.....#
####.#####.......###.....#
#..#.#...................#
###..#.#...................###
#.......<####.................
.........#..####..............
.........#..3.4#..............
.........#...@K#Y.......######
#.......'....Y#'#......#
#.......#.......#......#
#.......#.......#......#
#.......#.......#††....#
.........#.......#..†...######
....>....#.......#............
.........#.......#............
.........#######'#..######....


You could see a sun demon (summoned), a kobold demonologist, a yak and a red
devil (summoned).

Vanquished Creatures
  Erica (D:8)
  A centaur warrior (D:9)
  3 two-headed ogres (D:9)
  A deep elf pyromancer (D:9)
  2 manticores (D:9)
  A gargoyle (D:10)
  Maggie (D:8)
  A hornet (D:9)
  Grinder (D:3)
  Sigmund (D:5)
  10 yaks
  A wyvern (D:9)
  Eustachio (D:4)
  Grum (D:9)
  Edmund (D:5)
  3 acid dragons (D:9)
  5 orc warriors
  A black bear (D:4)
  2 water moccasins
  A sky beast (D:6)
  3 ogres
  3 wolves (D:9)
  3 centaurs
  3 kobold brigands
  5 bullfrogs
  A gnoll sergeant (D:6)
  A scorpion (D:6)
  8 wights
  2 howler monkeys (D:8)
  A crimson imp (D:8)
  2 hounds
  2 gnoll boudas
  4 orc priests
  4 sleepcaps
  Terence (D:3)
  Ijyb (D:3)
  4 iguanas
  8 orc wizards
  Robin (D:3)
  6 adders
  11 gnolls
  A shadow imp (D:4)
  3 white imps
  An ufetubus (D:6)
  3 worms
  6 dart slugs
  14 orcs
  12 endoplasms
  6 giant cockroaches
  20 goblins
  5 hobgoblins
  4 jackals (D:1)
  4 quokkas
  11 ball pythons
  9 bats
  4 frilled lizards
  11 kobolds
  8 rats
235 creatures vanquished.

Vanquished Creatures (others)
  42 fulminant prisms
42 creatures vanquished.

Grand Total: 277 creatures vanquished

Notes
Turn   | Place    | Note
-------+----------+-------------------------------------------
     0 | D:1      | IndexError the Draconian Conjurer began the quest for the
                  | Orb.
     0 | D:1      | Reached XP level 1. HP: 14/14 MP: 3/3
   149 | D:1      | Reached XP level 2. HP: 20/20 MP: 1/5
   846 | D:1      | Reached XP level 3. HP: 26/26 MP: 1/7
  1716 | D:2      | You fall into a shaft and drop 1 floor!
  1734 | D:3      | Reached skill level 3 in Spellcasting
  1737 | D:3      | Learned a level 2 spell: Searing Ray
  1971 | D:3      | Noticed Grinder
  1976 | D:3      | Paralysed by Grinder for 3 turns
  1984 | D:3      | Paralysed by Grinder for 4 turns
  1989 | D:3      | Killed Grinder
  1990 | D:3      | Reached skill level 4 in Spellcasting
  1990 | D:3      | Reached skill level 5 in Conjurations
  1990 | D:3      | Reached XP level 4. HP: 20/33 MP: 0/10
  1990 | D:3      | Reached XP level 5. HP: 23/38 MP: 0/11
  2160 | D:3      | Reached XP level 6. HP: 42/45 MP: 9/12
  2834 | D:2      | Found a faded altar of an unknown god.
  3265 | D:3      | Noticed Terence
  3275 | D:3      | Killed Terence
  3276 | D:3      | Reached skill level 6 in Conjurations
  3362 | D:3      | Noticed Robin
  3375 | D:3      | Killed Robin
  3929 | D:3      | Noticed Ijyb
  3939 | D:3      | Killed Ijyb
  4148 | D:4      | Noticed Eustachio
  4160 | D:4      | Killed Eustachio
  4161 | D:4      | Reached skill level 5 in Spellcasting
  4253 | D:4      | Learned a level 4 spell: Fulminant Prism
  4258 | D:4      | Learned a level 4 spell: Iskenderun's Mystic Blast
  4437 | D:4      | Your scales start taking on a pale cyan-grey colour.
  4437 | D:4      | Reached XP level 7. HP: 50/50 MP: 10/14
  4437 | D:4      | Gained mutation: You are immune to the effects of steam.
                  | [Pale Draconian growth]
  4747 | D:4      | Reached skill level 1 in Hexes
  4815 | D:4      | Reached skill level 7 in Conjurations
  4904 | D:4      | Reached skill level 2 in Hexes
  5208 | D:4      | Found an ornate altar of the Wu Jian Council.
  5320 | D:5      | Entered Level 5 of the Dungeon
  5462 | D:5      | Noticed Sigmund
  5470 | D:5      | Killed Sigmund
  5471 | D:5      | Reached skill level 3 in Hexes
  5471 | D:5      | Reached XP level 8. HP: 56/57 MP: 3/15
  5712 | D:5      | Noticed Edmund
  5743 | D:5      | Killed Edmund
  5744 | D:5      | Reached skill level 8 in Conjurations
  5898 | D:5      | Found Jehuoh's Magic Scroll Boutique.
  5976 | D:5      | Reached skill level 4 in Hexes
  6322 | D:5      | Found a staircase to the Ecumenical Temple.
  6434 | Temple   | Entered the Ecumenical Temple
  6621 | Temple   | Became a worshipper of Vehumet
  6720 | D:5      | Reached skill level 5 in Hexes
  6835 | D:5      | Reached skill level 9 in Conjurations
  6904 | D:6      | Found Uvuiq's Antique Armour Shop.
  6936 | D:6      | Bought a pair of runed gloves for 172 gold pieces
  7232 | D:6      | Reached XP level 9. HP: 50/62 MP: 10/16
  7341 | D:6      | Reached * piety under Vehumet
  7341 | D:6      | Offered knowledge of Freeze by Vehumet.
  7342 | D:6      | Reached skill level 6 in Hexes
  7642 | D:6      | Reached skill level 1 in Translocations
  8181 | D:7      | Found a stormy altar of Qazlal.
  8703 | D:7      | Found a runed translucent door.
  8703 | D:7      | Noticed CerberUrsi's ghost (novice DrCj)
  9387 | D:7      | Reached skill level 2 in Translocations
  9698 | D:8      | Reached skill level 10 in Conjurations
  9763 | D:8      | Reached skill level 3 in Translocations
  9869 | D:8      | Reached skill level 1 in Fighting
  9941 | D:8      | Noticed Erica
  9954 | D:8      | HP: 16/64 [poisoned by Erica (bolt of poison)]
  9959 | D:8      | HP: 11/64 [poisoned by Erica (bolt of poison)]
 10240 | D:8      | Noticed Maggie
 10251 | D:8      | Killed Maggie
 10252 | D:8      | Reached skill level 2 in Fighting
 10252 | D:8      | Reached skill level 4 in Translocations
 10392 | D:8      | Found a shimmering altar of Xom.
 10393 | D:8      | Found a burning altar of Makhleb.
 10468 | D:8      | Found a white marble altar of Elyvilon.
 10496 | D:8      | Killed Erica
 10497 | D:8      | Reached skill level 4 in Fighting
 10497 | D:8      | Reached skill level 5 in Translocations
 10593 | D:8      | Identified the +2 quarterstaff of Ynelaw {flame, Drain
                  | rPois rN+ Dex+3}
 10915 | D:9      | Reached XP level 10. HP: 67/80 MP: 10/17
 10917 | D:9      | Noticed Grum
 10980 | D:9      | Reached skill level 5 in Fighting
 11140 | D:9      | Killed Grum
 11141 | D:9      | Reached skill level 6 in Translocations
 11314 | D:9      | Noticed a two-headed ogre
 11326 | D:9      | Reached skill level 2 in Dodging
 11341 | D:9      | Noticed a deep elf pyromancer
 11571 | D:9      | Noticed a two-headed ogre
 11577 | D:9      | Killed a two-headed ogre
 11578 | D:9      | Reached skill level 6 in Fighting
 11578 | D:9      | Reached skill level 3 in Dodging
 11789 | D:9      | Noticed a two-headed ogre
 11795 | D:9      | Killed a two-headed ogre
 11796 | D:9      | Reached skill level 7 in Fighting
 11796 | D:9      | Reached skill level 4 in Dodging
 11847 | D:9      | Reached ** piety under Vehumet
 11847 | D:9      | Offered knowledge of Scorch by Vehumet.
 12062 | D:9      | Identified the +1 longbow "Kolul" {drain, rCorr Int+2}
 12062 | D:9      | Noticed a centaur warrior
 12081 | D:9      | Killed a centaur warrior
 12082 | D:9      | Reached skill level 8 in Fighting
 12082 | D:9      | Reached skill level 5 in Dodging
 12279 | D:9      | Noticed a manticore
 12298 | D:9      | Found a staircase to the Lair.
 12551 | D:9      | Noticed a manticore
 12558 | D:9      | Killed a two-headed ogre
 12559 | D:9      | Reached XP level 11. HP: 43/95 MP: 3/18
 12562 | D:9      | Reached skill level 6 in Dodging
 12873 | D:9      | Killed a deep elf pyromancer
 12874 | D:9      | Reached skill level 9 in Fighting
 13219 | D:9      | Identified the +0 helmet of Mautuboy {*Corrode rPois rN+++
                  | Int-3}
 13245 | D:9      | Found a white marble altar of Elyvilon.
 13604 | D:9      | Found a hazy altar of Hepliaklqana.
 13608 | D:9      | Found a hide-covered altar of Uskayaw.
 13613 | D:9      | Found a shimmering blue altar of Sif Muna.
 13746 | D:9      | Learned a level 5 spell: Irradiate
 13762 | D:10     | Entered Level 10 of the Dungeon
 13769 | D:10     | Reached skill level 7 in Dodging
 13961 | D:10     | Reached skill level 10 in Fighting
 13978 | D:10     | Offered knowledge of Poisonous Vapours by Vehumet.
 13989 | D:9      | HP: 15/99 [yak (10)]
 13993 | D:9      | HP: 5/99 [yak (12)]
 14273 | D:10     | HP: 18/99 [red devil/+0 trident[a kobold demonologist]
                  | (14)]
 14274 | D:10     | Noticed a sun demon
 14274 | D:10     | HP: 4/99 [red devil/+0 trident[a kobold demonologist] (10)]
 14275 | D:10     | Mangled by a sun demon

Illustrated notes

Levels and vault maps discovered:
D:1:      minmay_arrival_hallway, layout_basic
D:2:      layout_basic, chequers_ecumenical_altar_simple
D:3:      layout_loops_corners, grunt_ministairs_5, uniq_robin, uniq_ijyb,
          uniq_grinder, uniq_terence
D:4:      minmay_polygon_palace, layout_basic, nicolae_wu_jian_wuxing_cycle,
          uniq_eustachio
D:5:      layout_loops_cross, minmay_temple_entry_stoned_glass, serial_shops,
          shop, uniq_sigmund, uniq_edmund
D:6:      layout_basic, dreamdust_princess_corridor, serial_park_tiny_pond,
          nicolae_stop_n_shop_2
D:7:      layout_layer_cave, grunt_qazlal_clouds, hellmonk_ghost_happy_afterlife
D:8:      layout_loops_cross, grunt_temple_overflow_champion_of_chaos,
          elyvilon_altar_3, uniq_erica, uniq_maggie
D:9:      minmay_the_grid_octo_tiled_squarecenter
          [minmay_the_grid_octo_pinwheel, minmay_the_grid_octo_focus,
          minmay_the_grid_octo_odd_swirl, minmay_the_grid_octo_vomiting_pacman,
          minmay_the_grid_square_5x5_megaprize_crossed,
          minmay_the_grid_square_5x5_lines,
          minmay_the_grid_square_5x5_tri_point,
          minmay_the_grid_square_5x5_detours, minmay_the_grid_square_5x5_inset],
          layout_basic, minmay_overflow_temple_star_quad, lair_entry_dummy,
          amcnicky_mini_corridor_feature, uniq_grum
D:10:     layout_irregular_city, kennysheep_mini, enter_bailey_7,
          minivault_25_ag, hangedman_tell_no_tales
Temple:   nicolae_temple_bog_church

Skill      XL: |  1  2  3  4  5  6  7  8  9 10 11 |
---------------+----------------------------------+-----
Spellcasting   | 4 5 |  5.0
Conjurations   | 5 6 7 9 10 | 10.0
Hexes          | 3 5 6 |  6.0
Translocations | 5 6 |  6.0
Fighting       | 4 8 10 | 10.0
Dodging        | 5 7 |  7.5
Stealth        | |  1.7

Action                     |  1- 3 |  4- 6 |  7- 9 | 10-12 || total
---------------------------+-------+-------+-------+-------++-------
  Melee: Spear             |    16 |       |       |       ||    16
         Tailslap          |     2 |       |       |       ||     2
   Fire: Sling             |       |    75 |   170 |    53 ||   298
   Cast: Magic Dart        |    86 |    15 |    14 |    36 ||   151
         Searing Ray       |     2 |    11 |    52 |    33 ||    98
         Fulminant Prism   |       |       |    12 |    30 ||    42
         Iskenderun's Myst |       |       |       |     7 ||     7
Ability: Breathe Steam     |       |       |     1 |     1 ||     2
  Evoke: Wand              |     6 |       |     1 |     9 ||    16
         Condenser vane    |       |       |       |     1 ||     1
 Armour: Skin              |     5 |    20 |    40 |    35 ||   100
  Dodge: Dodged            |    16 |    45 |    76 |    92 ||   229

Levels and vault maps discovered:
D:1:      minmay_arrival_hallway, layout_basic
D:2:      layout_basic, chequers_ecumenical_altar_simple
D:3:      layout_loops_corners, grunt_ministairs_5, uniq_robin, uniq_ijyb,
          uniq_grinder, uniq_terence
D:4:      minmay_polygon_palace, layout_basic, nicolae_wu_jian_wuxing_cycle,
          uniq_eustachio
D:5:      layout_loops_cross, minmay_temple_entry_stoned_glass, serial_shops,
          shop, uniq_sigmund, uniq_edmund
D:6:      layout_basic, dreamdust_princess_corridor, serial_park_tiny_pond,
          nicolae_stop_n_shop_2
D:7:      layout_layer_cave, grunt_qazlal_clouds, hellmonk_ghost_happy_afterlife
D:8:      layout_loops_cross, grunt_temple_overflow_champion_of_chaos,
          elyvilon_altar_3, uniq_erica, uniq_maggie
D:9:      minmay_the_grid_octo_tiled_squarecenter
          [minmay_the_grid_octo_pinwheel, minmay_the_grid_octo_focus,
          minmay_the_grid_octo_odd_swirl, minmay_the_grid_octo_vomiting_pacman,
          minmay_the_grid_square_5x5_megaprize_crossed,
          minmay_the_grid_square_5x5_lines,
          minmay_the_grid_square_5x5_tri_point,
          minmay_the_grid_square_5x5_detours, minmay_the_grid_square_5x5_inset],
          layout_basic, minmay_overflow_temple_star_quad, lair_entry_dummy,
          amcnicky_mini_corridor_feature, uniq_grum
D:10:     layout_irregular_city, kennysheep_mini, enter_bailey_7,
          minivault_25_ag, hangedman_tell_no_tales
Temple:   nicolae_temple_bog_church

Table legend: (Time is in decaauts)
 A = Elapsed time spent in this place.
 B = Non-inter-level travel time spent in this place.
 C = Inter-level travel time spent in this place.
 D = Time resting spent in this place.
 E = Time spent auto-exploring this place.
 F = Levels seen in this place.
 G = Mean time per level.
                   A        B        C        D        E       F      G
               +--------+--------+--------+--------+--------+-----+--------+
         Total |  14413 |  13499 |    914 |    149 |  11565 |  11 | 1310.3 |
       Dungeon |  14211 |  13315 |    896 |    149 |  11392 |  10 | 1421.1 |
        Temple |    202 |    184 |     18 |      0 |    172 |   1 |  202.0 |
               +--------+--------+--------+--------+--------+-----+--------+

Top non-repeatable levels by time:
     D:9: 2515 daAuts
     D:8: 1812 daAuts
     D:3: 1780 daAuts
     D:7: 1626 daAuts
     D:1: 1618 daAuts
     D:5: 1368 daAuts
     D:4: 1287 daAuts
     D:6: 1274 daAuts
     D:2: 726 daAuts
  Temple: 202 daAuts
    D:10: 202 daAuts

Table legend:
 A = Kills in this place as a percentage of kills in the entire game.
 B = Kills by you in this place as a percentage of kills by you in the entire game.
 C = Kills by friends in this place as a percentage of kills by friends in the entire game.
 D = Other kills in this place as a percentage of other kills in the entire game.
 E = Experience gained in this place as a percentage of experience gained in the entire game.
 F = Experience gained in this place divided by the number of levels of this place that you have seen.
                   A       B       C       D       E      F
               +-------+-------+-------+-------+-------+----------------------
         Total | 100.0 | 100.0 |   N/A |   N/A | 100.0 | 1438.7
       Dungeon | 100.0 | 100.0 |   N/A |   N/A | 100.0 | 1582.6
               +-------+-------+-------+-------+-------+----------------------
